BR (22 & UNDER)
GILBERT FIRE FIGHTERS @ WASHINGTON DC HOT SAUCE
09/04/2029
 
TOP OF THE 1ST
Gilbert Fire Fighters batting - Pitching for Washington DC Hot Sauce : RHP Brock Corless
Pitching: RHP Brock Corless
Batting: RHB Raúl Ottoboni 0-0: Bunted foul
0-1: Ball
1-1: Ball
2-1: Swinging Strike
2-2: Ball
3-2: Base on Balls
Batting: RHB Juan González 0-0: Called Strike
0-1: Ball
1-1: SINGLE (Line Drive, 56D)
Raúl Ottoboni to second
Batting: LHB Bill Handy 0-0: Foul Ball, location: 2F
0-1: Foul Ball, location: 2F
0-2: Ball
1-2: Foul Ball, location: 2F
1-2: Foul Ball, location: 2F
1-2: Ball
2-2: Foul Ball, location: 2F
2-2: Foul Ball, location: 2F
2-2: Fielders Choice at 2nd, 6-4 (Groundball, 56)
Raúl Ottoboni to third
Batting: RHB Travis Mchugh 0-0: Ball
1-0: SINGLE (Flyball, 89S)
Raúl Ottoboni scores
Bill Handy to second
Batting: RHB Carlos Canales 0-0: Called Strike
Bill Handy steals 3rd base
0-1: Ball
1-1: Called Strike
1-2: Foul Ball, location: 2F
1-2: Ball
2-2: Strikes out swinging
Batting: LHB Matt Moore 0-0: Foul Ball, location: 2F
0-1: Swinging Strike
0-2: Strikes out looking
Top of the 1st over - 1 run, 2 hits, 0 errors, 2 left on base; Gilbert 1 - Washington DC 0
BOTTOM OF THE 1ST
Washington DC Hot Sauce batting - Pitching for Gilbert Fire Fighters : LHP Eduardo López
Pitching: LHP Eduardo López
Batting: RHB Daniel Pineda 0-0: Swinging Strike
0-1: Foul Ball, location: 2F
0-2: Ball
1-2: Strikes out looking
Batting: RHB Tim Church 0-0: Called Strike
0-1: Ball
1-1: Ball
2-1: Reached on error, E5 (Groundball, 56)
Batting: RHB Kenny Miller 0-0: Ball
1-0: Called Strike
1-1: DOUBLE (Line Drive, 78M)
Tim Church to third
Batting: RHB Nelson Wright 0-0: Ball
1-0: Called Strike
1-1: Ball
2-1: Ball
3-1: Ground out 5-3 (Groundball, 56S)
Tim Church scores
Kenny Miller to third
Batting: RHB José Isla 0-0: Ball
1-0: Foul Ball, location: 2F
1-1: Ball
2-1: Foul Ball, location: 2F
2-2: Ball
3-2: SINGLE (Groundball, 56S) (infield hit)
Kenny Miller scores
Batting: RHB Jesús García 0-0: Ball
1-0: Ball
2-0: Foul Ball, location: 2F
2-1: Foul Ball, location: 2F
2-2: Foul Ball, location: 2F
2-2: Foul Ball, location: 2F
2-2: Fly out, F9 (Flyball, 89M)
Bottom of the 1st over - 2 runs, 2 hits, 1 error, 1 left on base; Gilbert 1 - Washington DC 2
TOP OF THE 2ND
Gilbert Fire Fighters batting - Pitching for Washington DC Hot Sauce : RHP Brock Corless
Batting: RHB Juan Brembilla 0-0: Foul Ball, location: 2F
0-1: Ground out 6-3 (Groundball, 6M)
Batting: LHB Joe Kent 0-0: Ball
1-0: Called Strike
1-1: Called Strike
1-2: Strikes out looking
Batting: SHB Germán Roseima 0-0: Ball
1-0: Called Strike
1-1: Called Strike
1-2: Strikes out swinging
Top of the 2nd over - 0 runs, 0 hits, 0 errors, 0 left on base; Gilbert 1 - Washington DC 2
BOTTOM OF THE 2ND
Washington DC Hot Sauce batting - Pitching for Gilbert Fire Fighters : LHP Eduardo López
Batting: RHB Eric Schroeder 0-0: Called Strike
0-1: Ball
1-1: Called Strike
1-2: Fly out, F7 (Flyball, 7S)
Batting: SHB Jared Calhoun 0-0: Called Strike
0-1: Ball
1-1: Called Strike
1-2: Foul Ball, location: 2F
1-2: Ball
2-2: Ball
3-2: DOUBLE (Line Drive, 89D)
Pinch Runner at 2nd Mike MacNamara:
Batting: LHB Gus Price 0-0: Fly out, F9 (Flyball, 9D)
Runner from 2nd tags up, SAFE at 3rd, no throw
Batting: RHB Daniel Pineda 0-0: Ball
1-0: Ball
2-0: Swinging Strike
2-1: Ball
3-1: Base on Balls
Batting: RHB Tim Church 0-0: Fielders Choice at 2nd, 5-4 (Groundball, 56)
Bottom of the 2nd over - 0 runs, 1 hit, 0 errors, 2 left on base; Gilbert 1 - Washington DC 2
TOP OF THE 3RD
Gilbert Fire Fighters batting - Pitching for Washington DC Hot Sauce : RHP Brock Corless
Now in RF: Mike MacNamara
Batting: RHB Raúl Ottoboni 0-0: Swinging Strike
0-1: Foul Ball, location: 2F
0-2: Ball
1-2: Fly out, F7 (Line Drive, 7)
Batting: RHB Juan González 0-0: Ball
1-0: Called Strike
1-1: Foul Ball, location: 2F
1-2: Ball
2-2: Strikes out swinging
Batting: LHB Bill Handy 0-0: Ground out 6-3 (Groundball, 6)
Top of the 3rd over - 0 runs, 0 hits, 0 errors, 0 left on base; Gilbert 1 - Washington DC 2
BOTTOM OF THE 3RD
Washington DC Hot Sauce batting - Pitching for Gilbert Fire Fighters : LHP Eduardo López
Batting: RHB Kenny Miller 0-0: Foul Ball, location: 2F
0-1: Foul Ball, location: 2F
0-2: Strikes out looking
Batting: RHB Nelson Wright 0-0: Ball
1-0: Ball
2-0: SINGLE (Flyball, 7LS)
Batting: RHB José Isla 0-0: Called Strike
0-1: Ball
1-1: Ball
2-1: Swinging Strike
2-2: Fly out, F9 (Flyball, 9S)
Batting: RHB Jesús García 0-0: Ball
1-0: Ball
2-0: Ball
3-0: SINGLE (Groundball, 6D)
Nelson Wright to second
Batting: RHB Eric Schroeder 0-0: Ball
1-0: Foul Ball, location: 2F
1-1: Swinging Strike
1-2: Reached on error, E7 (Flyball, 78M)
Nelson Wright scores
Jesús García to third
Batting: LHB Mike MacNamara 0-0: Called Strike
0-1: Fly out, F6 (Popup, 5D)
Bottom of the 3rd over - 1 run, 2 hits, 1 error, 2 left on base; Gilbert 1 - Washington DC 3
TOP OF THE 4TH
Gilbert Fire Fighters batting - Pitching for Washington DC Hot Sauce : RHP Brock Corless
Batting: RHB Travis Mchugh 0-0: Fly out, F9 (Flyball, 9S)
Batting: RHB Carlos Canales 0-0: Called Strike
0-1: Swinging Strike
0-2: Ball
1-2: Ground out U3 (Groundball, 3)
Batting: LHB Matt Moore 0-0: Called Strike
0-1: Called Strike
0-2: Ground out U3 (Groundball, 34)
Top of the 4th over - 0 runs, 0 hits, 0 errors, 0 left on base; Gilbert 1 - Washington DC 3
BOTTOM OF THE 4TH
Washington DC Hot Sauce batting - Pitching for Gilbert Fire Fighters : LHP Eduardo López
Batting: LHB Gus Price 0-0: Ball
1-0: Called Strike
1-1: Fly out, F9 (Line Drive, 9D)
Batting: RHB Daniel Pineda 0-0: Ground out 1-3 (Groundball, 13)
Batting: RHB Tim Church 0-0: Ball
1-0: Foul Ball, location: 2F
1-1: Ball
2-1: Foul Ball, location: 2F
2-2: Ball
3-2: Foul Ball, location: 2F
3-2: Strikes out looking
Bottom of the 4th over - 0 runs, 0 hits, 0 errors, 0 left on base; Gilbert 1 - Washington DC 3
TOP OF THE 5TH
Gilbert Fire Fighters batting - Pitching for Washington DC Hot Sauce : RHP Brock Corless
Batting: RHB Juan Brembilla 0-0: Swinging Strike
0-1: Foul Ball, location: 2F
0-2: Ball
1-2: Strikes out looking
Batting: LHB Joe Kent 0-0: Swinging Strike
0-1: Ball
1-1: Ball
2-1: Ball
3-1: Called Strike
3-2: Strikes out swinging
Batting: SHB Germán Roseima 0-0: Ground out 6-3 (Groundball, 6)
Top of the 5th over - 0 runs, 0 hits, 0 errors, 0 left on base; Gilbert 1 - Washington DC 3
BOTTOM OF THE 5TH
Washington DC Hot Sauce batting - Pitching for Gilbert Fire Fighters : LHP Eduardo López
Batting: RHB Kenny Miller 0-0: Ball
1-0: Ball
2-0: Foul Ball, location: 2F
2-1: Called Strike
2-2: Ground out 4-3 (Groundball, 4)
Batting: RHB Nelson Wright 0-0: Ball
1-0: Swinging Strike
1-1: Swinging Strike
1-2: Foul Ball, location: 2F
1-2: Ground out 4-3 (Groundball, 4)
Batting: RHB José Isla 0-0: Foul Ball, location: 2F
0-1: Ball
1-1: Swinging Strike
1-2: Foul Ball, location: 2F
1-2: Fly out, F7 (Line Drive, 7)
Bottom of the 5th over - 0 runs, 0 hits, 0 errors, 0 left on base; Gilbert 1 - Washington DC 3
TOP OF THE 6TH
Gilbert Fire Fighters batting - Pitching for Washington DC Hot Sauce : RHP Brock Corless
Batting: RHB Raúl Ottoboni 0-0: Ball
1-0: Called Strike
1-1: Ball
2-1: Called Strike
2-2: Fly out, F4 (Line Drive, 4M)
Batting: RHB Juan González 0-0: Ball
1-0: Foul Ball, location: 2F
1-1: Foul Ball, location: 2F
1-2: Foul Ball, location: 2F
1-2: Strikes out swinging
Batting: LHB Bill Handy 0-0: Fly out, F1 (Line Drive, 13)
Top of the 6th over - 0 runs, 0 hits, 0 errors, 0 left on base; Gilbert 1 - Washington DC 3
BOTTOM OF THE 6TH
Washington DC Hot Sauce batting - Pitching for Gilbert Fire Fighters : LHP Eduardo López
Pitching: RHP Dave Brooks
Batting: RHB Jesús García 0-0: Called Strike
0-1: Ball
1-1: Fly out, F9 (Flyball, 9)
Batting: RHB Eric Schroeder 0-0: Ball
1-0: Called Strike
1-1: Called Strike
1-2: DOUBLE (Groundball, 5L)
Batting: LHB Mike MacNamara 0-0: Called Strike
0-1: Ball
1-1: Ball
2-1: Swinging Strike
2-2: Ball
3-2: Strikes out looking
Batting: LHB Gus Price 0-0: Swinging Strike
0-1: Called Strike
0-2: Ball
1-2: Strikes out swinging
Bottom of the 6th over - 0 runs, 1 hit, 0 errors, 1 left on base; Gilbert 1 - Washington DC 3
TOP OF THE 7TH
Gilbert Fire Fighters batting - Pitching for Washington DC Hot Sauce : RHP Brock Corless
Batting: RHB Travis Mchugh 0-0: Ball
1-0: Ball
2-0: Swinging Strike
2-1: Ball
3-1: Foul Ball, location: 2F
3-2: Base on Balls
Pinch Runner at 1st Juan Vásquez:
Batting: RHB Carlos Canales 0-0: Ball
1-0: Ball
2-0: Ball
3-0: Base on Balls
Juan Vásquez to second
Pinch Hitting: LHB Mark Sanders 0-0: Ball
1-0: Ball
2-0: Grounds into double play, 3-6-3 (Groundball, 34)
Juan Vásquez to third
Batting: RHB Juan Brembilla 0-0: Ball
1-0: Foul Ball, location: 2F
1-1: Foul Ball, location: 2F
1-2: Ground out 6-3 (Groundball, 6)
Top of the 7th over - 0 runs, 0 hits, 0 errors, 1 left on base; Gilbert 1 - Washington DC 3
BOTTOM OF THE 7TH
Washington DC Hot Sauce batting - Pitching for Gilbert Fire Fighters : RHP Dave Brooks
Now at 1B: Bill Salinas
Now at SS: Mark Sanders
Batting: RHB Daniel Pineda 0-0: Called Strike
0-1: Called Strike
0-2: Ball
1-2: Strikes out looking
Batting: RHB Tim Church 0-0: Ball
1-0: Foul Ball, location: 2F
1-1: Ground out 5-3 (Groundball, 5S)
Batting: RHB Kenny Miller 0-0: Ball
1-0: Ball
2-0: Fly out, F7 (Flyball, 78M)
Bottom of the 7th over - 0 runs, 0 hits, 0 errors, 0 left on base; Gilbert 1 - Washington DC 3
TOP OF THE 8TH
Gilbert Fire Fighters batting - Pitching for Washington DC Hot Sauce : RHP Brock Corless
Pitching: RHP Lyndon Dixon
Batting: LHB Joe Kent 0-0: Ball
1-0: Fly out, F9 (Flyball, 89D)
Batting: SHB Germán Roseima 0-0: Called Strike
0-1: Foul Ball, location: 2F
0-2: Strikes out looking
Batting: RHB Raúl Ottoboni 0-0: Fly out, F6 (Line Drive, 6M)
Top of the 8th over - 0 runs, 0 hits, 0 errors, 0 left on base; Gilbert 1 - Washington DC 3
BOTTOM OF THE 8TH
Washington DC Hot Sauce batting - Pitching for Gilbert Fire Fighters : RHP Dave Brooks
Batting: RHB Nelson Wright 0-0: Ball
1-0: Called Strike
1-1: Ground out 5-3 (Groundball, 56)
Batting: RHB José Isla 0-0: Called Strike
0-1: Ball
1-1: Foul Ball, location: 2F
1-2: Foul Ball, location: 2F
1-2: Foul Ball, location: 2F
1-2: Ground out 5-3 (Groundball, 56)
Batting: RHB Jesús García 0-0: Ball
1-0: Ball
2-0: Foul Ball, location: 2F
2-1: Swinging Strike
2-2: Strikes out swinging
Bottom of the 8th over - 0 runs, 0 hits, 0 errors, 0 left on base; Gilbert 1 - Washington DC 3
TOP OF THE 9TH
Gilbert Fire Fighters batting - Pitching for Washington DC Hot Sauce : RHP Lyndon Dixon
Pitching: RHP Bryce Borrell
Batting: RHB Juan González 0-0: Swinging Strike
0-1: Swinging Strike
0-2: Ball
1-2: Ball
2-2: SINGLE (Groundball, 4MD)
Batting: LHB Bill Handy 0-0: DOUBLE (Line Drive, 9D)
Juan González to third
Batting: RHB Bill Salinas 0-0: Ground out 6-3 (Groundball, 6)
Batting: RHB Carlos Canales 0-0: Ground out 4-3 (Groundball, 4MS)
Batting: LHB Mark Sanders 0-0: Called Strike
0-1: Foul Ball, location: 2F
0-2: Ball
1-2: Ball
2-2: Ball
3-2: Foul Ball, location: 2F
3-2: Ground out 4-3 (Groundball, 4)
Top of the 9th over - 0 runs, 2 hits, 0 errors, 2 left on base; Gilbert 1 - Washington DC 3
Saturday, December 16th, 2017 - OOTP Baseball 18.8 Build 76